 Dungeon Crawl Stone Soup version 0.17.0-18-gaab0e96 (webtiles) character file.

1241 4thArraOfDagon the Ruffian (level 8, -2/42 HPs)
             Began as a Vine Stalker Fighter on Nov 11, 2015.
             Was a Follower of Okawaru.
             Slain by a komodo dragon (13 damage)
             ... on level 9 of the Dungeon.
             The game lasted 00:11:28 (1707 turns).

4thArraOfDagon the Ruffian (Vine Stalker Fighter)   Turns: 1707, Time: 00:11:28

Health: -2/42      AC: 17    Str: 19    XL:     8   Next: 49%
Magic:  0/11       EV:  6    Int:  9    God:    Okawaru [*.....]
Gold:   220        SH: 17    Dex: 15    Spells: 0 memorised, 7 levels left

rFire  . . .     SeeInvis .       - Unarmed
rCold  . . .     Clarity  .     t - +0 plate armour
rNeg   . . .     SustAt   .     f - +0 large shield
rPois  +         Gourm    .     j - +1 hat
rElec  .         Spirit   +     w - +0 cloak
rCorr  .         Warding  .     x - +0 pair of gloves
rMut   .         Stasis   .     (no boots)
MR     ++...                    (no amulet)
Stlth  ..........               h - ring of poison resistance
                                u - ring of protection from magic

@: heroism, very resistant to hostile enchantments, extremely unstealthy
A: fangs 3, regeneration 2, magic shield, antimagic bite, no device heal 3, rot
immunity
a: Heroism, Renounce Religion


You were on level 9 of the Dungeon.
You worshipped Okawaru.
Okawaru was aware of your devotion.
You were hungry.

You visited 1 branch of the dungeon, and saw 9 of its levels.

You collected 220 gold pieces.

Inventory:

Hand Weapons
 k - a +2 dagger of venom
Missiles
 g - 23 stones
 o - 2 poisoned javelins (quivered)
Armour
 a - a +0 scale mail
 b - a +0 shield
 f - a +0 large shield (worn)
 j - a +1 hat (worn)
 q - a cursed +0 chain mail
 t - a +0 plate armour (worn)
 w - a +0 cloak (worn)
 x - a +0 pair of gloves (worn)
Jewellery
 e - an uncursed ring of teleportation
 h - a ring of poison resistance (right hand)
 u - a ring of protection from magic (left hand)
Scrolls
 i - a scroll of identify
 l - 2 scrolls of teleportation
 m - 4 scrolls of remove curse
 s - a scroll of acquirement {unknown}
 v - a scroll of recharging
Potions
 c - a potion of might
 r - a potion of berserk rage
 A - a potion of curing {unknown}
Books
 y - a book of the Sky

   Spells                             Type                      Level
   a - Summon Lightning Spire         Summoning/Air                4
   b - Airstrike                      Air                          4
   c - Silence                        Hexes/Air                    5
   d - Deflect Missiles               Charms/Air                   6
   e - Conjure Ball Lightning         Conjuration/Air              6
   f - Tornado                        Air                          9
 z - a book of Flames

   Spells                             Type                      Level
   a - Flame Tongue                   Conjuration/Fire             1
   b - Throw Flame                    Conjuration/Fire             2
   c - Conjure Flame                  Conjuration/Fire             3
   d - Inner Flame                    Hexes/Fire                   3
   e - Sticky Flame                   Conjuration/Fire             4
   f - Fireball                       Conjuration/Fire             5
Comestibles
 d - 2 bread rations
 n - a beef jerky
 p - a meat ration


   Skills:
 + Level 4.3(9.3) Fighting
 + Level 3.5(8.5) Armour
 + Level 2.3(7.3) Dodging
 + Level 4.2(9.2) Shields
 * Level 5.6(10.6) Unarmed Combat
 * Level 2.6 Invocations
 + Level 3.1 Evocations


You had 7 spell levels left.
You didn't know any spells.

Dungeon Overview and Level Annotations

Branches:
Dungeon (9/15)               Lair (0/8) D:9
 Temple: D:4-7          Orc: D:9-12

Altars:
Ashenzari
Fedhas
Okawaru
Ru
Vehumet
Xom
Zin

Annotations:
D:7 Menkaure


Innate Abilities, Weirdness & Mutations

You have razor-sharp teeth.
You heal very quickly.
When hurt, damage is shared between your health and your magic reserves.
Your bite disrupts and absorbs the magic of your enemies.
Potions and wands cannot restore your health.
You are immune to rotting.


Message History

You barely miss the komodo dragon.
The komodo dragon is moderately wounded.
The komodo dragon bites you.
You punch the komodo dragon!
The komodo dragon is heavily wounded.
You punch the komodo dragon!
You bite the komodo dragon, but do no damage.
The komodo dragon is almost dead.
You block the komodo dragon's attack.
Your plate armour prevents you from hitting the komodo dragon.
You bite the komodo dragon, but do no damage.
The komodo dragon is almost dead.
The komodo dragon bites you!
* * * LOW HITPOINT WARNING * * *
Unknown command.
You hit the komodo dragon but do no damage.
You bite the komodo dragon, but do no damage.
The komodo dragon is almost dead.
The komodo dragon bites you!
You die... ..#......# ####### .#..#.#. ##PPPPP## .#......###.# #PPPPPP.#

...........# #P...P@.##
.....#..... #P.>.lP..#
#.#..#.#.#
#P...PP..###.#..#...###
#PPPPP....##.#........#
#PPPP..P..........#.#.
#PPPPP...###.#.#..#
#PPPP...#....#....#
#PP.....####.#...<#
##P....## ###.#.##


You could see a komodo dragon.

Vanquished Creatures
  A wyvern (D:8)
  Edmund (D:6)
  An orc warrior (D:6)
  2 ogres (D:5)
  2 centaurs (D:6)
  A giant frog (D:6)
  3 killer bees (D:7)
  4 hounds
  An orc priest (D:6)
  Jessica (D:2)
  An iguana (D:6)
  2 worker ants (D:6)
  An orc wizard (D:6)
  A hound zombie (D:6)
  2 adders
  A shadow imp (D:5)
  An ooze (D:6)
  A worm (D:2)
  A giant gecko (D:4)
  10 orcs
  3 giant cockroaches
  5 goblins
  4 hobgoblins
  A ball python (D:5)
  2 giant gecko zombies (D:7)
  3 giant newts
  A jackal skeleton (D:6)
  5 rats
62 creatures vanquished.

Vanquished Creatures (others)
  A plant (D:9)
1 creature vanquished.

Grand Total: 63 creatures vanquished

Notes
Turn   | Place    | Note
--------------------------------------------------------------
     0 | D:1      | 4thArraOfDagon the Vine Stalker Fighter began the quest for the Orb.
     0 | D:1      | Reached XP level 1. HP: 11/11 MP: 2/2
   237 | D:2      | Reached XP level 2. HP: 14/16 MP: 3/3
   286 | D:2      | Noticed Jessica
   310 | D:2      | Killed Jessica
   310 | D:2      | Reached skill level 3 in Shields
   310 | D:2      | Reached skill level 1 in Evocations
   310 | D:2      | Reached XP level 3. HP: 17/19 MP: 2/4
   494 | D:3      | Reached XP level 4. HP: 16/24 MP: 5/5
   620 | D:5      | Entered Level 5 of the Dungeon
   705 | D:5      | Noticed an ogre
   750 | D:6      | Noticed an ice beast
   869 | D:7      | Reached XP level 5. HP: 12/28 MP: 4/7
   899 | D:6      | Reached skill level 1 in Dodging
   915 | D:5      | Noticed an ogre
   952 | D:5      | Killed an ogre
   952 | D:5      | Gained mutation: You heal very quickly. [Vine Stalker growth]
   952 | D:5      | Reached XP level 6. HP: 24/32 MP: 8/8
   963 | D:5      | Noticed an ogre
   967 | D:5      | Killed an ogre
   971 | D:5      | Noticed a phantom
   976 | D:5      | Reached skill level 4 in Unarmed Combat
  1223 | D:6      | Reached XP level 7. HP: 31/37 MP: 9/9
  1233 | D:6      | Found a glowing silver altar of Zin.
  1233 | D:6      | Found a radiant altar of Vehumet.
  1235 | D:6      | Found a blossoming altar of Fedhas.
  1235 | D:6      | Found an iron altar of Okawaru.
  1235 | D:6      | Found a shimmering altar of Xom.
  1236 | D:6      | Found a shattered altar of Ashenzari.
  1236 | D:6      | Found a sacrificial altar of Ru.
  1237 | D:6      | Noticed Edmund
  1237 | D:6      | Noticed a giant frog
  1249 | D:6      | Became a worshipper of Warmaster Okawaru
  1282 | D:6      | Killed Edmund
  1302 | D:6      | Killed a giant frog
  1366 | D:6      | Noticed an orc warrior
  1375 | D:6      | Killed an orc warrior
  1375 | D:6      | Reached * piety under Okawaru
  1380 | D:6      | Reached skill level 1 in Invocations
  1397 | D:6      | Noticed a centaur
  1414 | D:6      | Killed a centaur
  1414 | D:6      | Reached skill level 5 in Unarmed Combat
  1414 | D:6      | Gained mutation: You have razor-sharp teeth. [Vine Stalker growth]
  1414 | D:6      | Reached XP level 8. HP: 32/42 MP: 9/11
  1431 | D:6      | Noticed a centaur
  1441 | D:6      | Killed a centaur
  1573 | D:7      | Noticed Menkaure
  1598 | D:7      | Noticed a hungry ghost
  1689 | D:9      | Found a staircase to the Lair.
  1690 | D:9      | Noticed a komodo dragon
  1707 | D:9      | Slain by a komodo dragon

Action                   |  1- 3 |  4- 6 |  7- 9 || total
-------------------------+-------+-------+-------++-------
Melee: Unarmed           |    81 |   121 |   118 ||   320
       Dagger            |       |     6 |    32 ||    38
Throw: Javelin           |       |     6 |     1 ||     7
Invok: Heroism           |       |       |     1 ||     1
 Abil: Evoke Teleportati |       |     2 |     3 ||     5
  Use: Scroll            |     5 |     6 |     1 ||    12
  Eat: Bread ration      |       |     1 |       ||     1
